AoeStats
← Obsawt

Arabia

507081908Analyzed
1v1 RM · 15d ago on Sep 16, 2026· 68m 15s· 2 players
Game mode
Random Map
Map size
Tiny (2 player)
Population
200
Speed
Normal
Resources
Standard
Victory
Conquest
Starting age
Dark Age
Ending age
Imperial Age
RankedLock teamsTeams togetherTeam positionsShared explorationLock speedFull tech treeHidden civsTurbo modeCheats
Victory
Defeat
🇪🇸 Khmer · Spain
734
+16
🇫🇴 Goths · Faroe Islands
737
-16
Obsawt
3:40 Loom
8:03 Loom
11:04 Feudal Age
16:40 Double-Bit Axe
16:59 Gold Mining
16:58 Horse Collar
17:47 Stone Mining
21:29 Castle Age
21:27 Bloodlines
24:23 Bow Saw
24:21 Heavy Plow
24:37 Forging
24:33 Scale Barding Armor
25:32 Wheelbarrow
24:58 Fletching
25:57 Gold Shaft Mining
27:21 Light Cavalry
28:34 Husbandry
34:29 Iron Casting
33:50 Bodkin Arrow
34:17 Chain Barding Armor
35:46 Hand Cart
41:02 Imperial Age
39:00 Ballistics
42:12 Conscription
41:49 Heavy Scorpion
43:33 Chemistry
42:36 Double Crossbow
43:42 Tusk Swords
43:52 Hussar
46:38 Plate Barding Armor
47:04 Blast Furnace
46:05 Bracer
49:20 Crop Rotation
51:26 Elite Ballista Elephant
VeryGoodChoise
10:30 Feudal Age
12:06 Loom
16:44 Castle Age
17:18 Double-Bit Axe
18:32 Bow Saw
18:04 Horse Collar
20:33 Forging
20:23 Scale Mail Armor
20:37 Heavy Plow
24:15 Squires
26:00 Wheelbarrow
25:48 Stone Mining
26:37 Chain Mail Armor
27:44 Hand Cart
27:17 Town Watch
27:44 Gold Mining
27:41 Man-at-Arms
28:24 Squires
27:44 Pikeman
29:01 Long Swordsman
32:09 Town Patrol
35:31 Imperial Age
36:11 Anarchy
35:34 Elite Huskarl
37:15 Iron Casting
36:45 Scale Barding Armor
38:32 Two-Handed Swordsman
40:01 Conscription
40:38 Champion
41:35 Elite Skirmisher
45:06 Blast Furnace
43:57 Fletching
44:08 Padded Archer Armor
45:54 Chain Barding Armor
48:29 Perfusion
49:03 Husbandry
48:23 Cavalier
49:17 Bloodlines
49:04 Halberdier
57:56 Light Cavalry
60:45 Chemistry
59:57 Masonry
Connection lost

Rejoining the realm…

Still unreachable

The connection could not be restored.

Session expired

The server has moved on; the page needs a fresh start.